 Dungeon Crawl Stone Soup version 0.20.1-1-g8b1a95d (webtiles) character file.

115 RollingDesktops the Poker (level 4, 0/55 HPs)
             Began as a Draconian Warper on Jan 4, 2018.
             Was an Initiate of Makhleb.
             Slain by a gnoll
             ... wielding a +0 halberd
              (4 damage)
             ... on level 2 of the Dungeon.
             The game lasted 00:10:04 (1737 turns).

RollingDesktops the Poker (Draconian Warper)        Turns: 1737, Time: 00:10:05

Health: 0/55       AC: 22    Str: 15    XL:     4   Next: 68%
Magic:  7/7        EV:  2    Int: 13    God:    Makhleb [......]
Gold:   94         SH:  0    Dex: 10    Spells: 0/7 levels left

rFire    . . .     SeeInvis +   a - +0 spear
rCold    . . .     Gourm    .   (no shield)
rNeg     + + +     Faith    .   (armour unavailable)
rPois    +         Spirit   .   (helmet currently unavailable)
rElec    .         Reflect  .   (cloak currently unavailable)
rCorr    .         Harm     .   (gloves currently unavailable)
MR       .....     NoTele   +   (boots currently unavailable)
Stlth    +.........             (no amulet)
Regen    0.2/turn               p - ring of poison resistance
MPRegen  0.1/turn               t - ring of see invisible

@: tree-form
A: unfitting armour, AC +5
a: Renounce Religion


You were on level 2 of the Dungeon.
You worshipped Makhleb.
Makhleb was noncommittal.
You were not hungry.
You were a tree.
You visited 1 branch of the dungeon, and saw 2 of its levels.

You collected 94 gold pieces.

Inventory:

Hand Weapons
 a - a +0 spear (weapon)
Missiles
 d - 5 tomahawks of dispersal (quivered)
 m - 2 tomahawks
Armour
 q - a +0 hat (melded)
Jewellery
 p - a ring of poison resistance (left branch)
 t - a ring of see invisible (right branch)
Scrolls
 c - a scroll of blinking
 h - 2 scrolls of fear {unknown}
 i - a scroll of random uselessness {unknown}
 j - a scroll of noise {unknown}
 k - 3 scrolls of identify {unknown}
 o - a scroll of magic mapping {unknown}
 r - a scroll of enchant armour {unknown}
 s - a scroll of remove curse {unknown}
Potions
 g - a potion of mutation {unknown}
 n - a potion of agility {unknown}
Books
 b - a book of Spatial Translocations

   Spells                             Type                      Level
   a - Blink                          Translocation                2
   b - Shroud of Golubria             Charms/Translocation         2
   c - Lesser Beckoning               Translocation                3
   d - Gell's Gravitas                Translocation                3
   e - Teleport Other                 Translocation                3
   f - Passage of Golubria            Translocation                4
Comestibles
 f - a bread ration


   Skills:
 + Level 2.7 Fighting
 + Level 3.5 Polearms
 + Level 1.0 Throwing
 + Level 3.1 Dodging
 + Level 0.2 Stealth
 + Level 2.2 Spellcasting
 + Level 3.0 Translocations


You couldn't memorise any spells.
You knew the following spells:

 Your Spells              Type           Power        Failure   Level  Hunger
a - Passage of Golubria   Tloc           N/A          56%         4    #####..
b - Teleport Other        Tloc           #.......     22%         3    ####...


Dungeon Overview and Level Annotations

Branches:
Dungeon (2/15)

Altars:
Makhleb


Innate Abilities, Weirdness & Mutations

((Your plain brown scales are hard. (AC +5)))
You cannot fit into any form of body armour.
((You are cold-blooded and may be slowed by cold attacks.))


Message History

Makhleb accepts your kill.
The gnoll hits you but does no damage. x2
You miss the jackal. The jackal completely misses you.
The gnoll hits you but does no damage. The gnoll barely misses you.
You hit the jackal.
The jackal is heavily wounded.
The jackal completely misses you. The gnoll hits you but does no damage.
You hit the jackal.
The jackal is severely wounded.
The jackal bites you but does no damage.
The gnoll hits you but does no damage.
The jackal bites you but does no damage.
The gnoll completely misses you.
You puncture the jackal!
You kill the jackal!
Makhleb accepts your kill. The gnoll hits you but does no damage.
You completely miss the worm. The gnoll hits you but does no damage.
The gnoll hits you from afar with a halberd.
You die...

..#####......##..##.......†......
.............##..##.#############
....###......##..##.# ....#
#..........##.# ##########
....###.....####.##.# ..........
....#.........##.##.# ##########
#####.........##..#.#.#g
###............g#.....
#....)).......♣whh....
#........#.....#g.....
###........####### .....
...........# .... ####.....###
... #.....# .. #.....# . #.....#
#.....#


You could see a worm, 2 gnolls, 2 jackals and a hobgoblin (wandering).

Vanquished Creatures
  5 adders (D:2)
  A gnoll (D:2)
  A dart slug (D:1)
  A leopard gecko (D:1)
  5 bats
  A giant cockroach (D:2)
  12 goblins
  5 hobgoblins
  7 jackals (D:2)
  8 kobolds
  2 rats (D:1)
48 creatures vanquished.

Notes
Turn   | Place    | Note
-------+----------+-------------------------------------------
     0 | D:1      | RollingDesktops the Draconian Warper began the quest for the Orb.
     0 | D:1      | Reached XP level 1. HP: 17/17 MP: 3/3
    65 | D:1      | Reached skill level 1 in Throwing
    85 | D:1      | Reached XP level 2. HP: 22/25 MP: 5/5
   690 | D:2      | Reached XP level 3. HP: 8/30 MP: 6/6
   994 | D:2      | Found a burning altar of Makhleb.
  1029 | D:2      | Became a worshipper of Makhleb the Destroyer
  1149 | D:2      | Reached XP level 4. HP: 26/37 MP: 7/7
  1714 | D:2      | Learned a level 4 spell: Passage of Golubria
  1718 | D:2      | Learned a level 3 spell: Teleport Other
  1730 | D:2      | HP: 2/55 [gnoll/halberd (3)]
  1737 | D:2      | Slain by a gnoll

Skill      XL: |  1  2  3  4 |
---------------+-------------+-----
Throwing       | 1 |  1.0
Polearms       | 3 |  3.5
Dodging        | 3 |  3.1
Fighting       | |  2.7
Stealth        | |  0.2
Spellcasting   | |  2.2
Translocations | |  3.0

Action                   |  1- 3 |  4- 6 || total
-------------------------+-------+-------++-------
Melee: Spear             |   143 |    47 ||   190
       Tailslap          |    14 |     3 ||    17
  Use: Potion            |     1 |     1 ||     2
  Eat: Royal jelly       |       |     2 ||     2
Armor: Skin              |    76 |    29 ||   105
Dodge: Dodged            |   147 |    39 ||   186
